 Dungeon Crawl Stone Soup version 0.31-a0-229-g1fc7ce93e2 (webtiles) character file.

Game seed: 12781661156250244938

74 qw the Shooter (level 4, 0/26 HPs)
             Began as a Gargoyle Hexslinger on July 6, 2023.
             Slain by an orc wizard
             ... wielding a +0 dagger
              (2 damage)
             ... on level 3 of the Dungeon.
             The game lasted 00:00:48 (1477 turns).

qw the Shooter (Gargoyle Hexslinger)                Turns: 1477, Time: 00:00:48

Health: 0/26       AC:  9    Str: 11    XL:     4   Next: 28%
Magic:  5/5        EV: 10    Int: 14    God:
Gold:   72         SH:  0    Dex: 14    Spells: 4/5 levels left

rFire   . . .        Y - +1 sling (elec)
rCold   . . .        (no shield)
rNeg    + . .        h - +0 ring mail
rPois   inf          f - +0 helmet
rElec   +            (no cloak)
rCorr   .            (no gloves)
SInv    .            (no boots)
Will    .....        (no amulet) Stlth
                     (no ring)
HPRegen 0.24/turn    (no ring)
MPRegen 0.09/turn

%: no passive effects
@: confused
A: sickness immunity, AC +3, negative energy resistance 1, electricity
resistance, torment resistance 1, petrification resistance
a: no special abilities


You were on level 3 of the Dungeon.
You visited 1 branch of the dungeon, and saw 3 of its levels.

You collected 72 gold pieces.


Innate Abilities, Weirdness & Mutations

You are immune to sickness and miasma.
Your stone body is resilient. (AC +3)
You are immune to poison.
You resist negative energy. (rN+)
You are resistant to electric shocks. (rElec)
You are resistant to unholy torment.
You are immune to petrification.


   Skills:
 - Level 2.0 Fighting
 + Level 3.9 Ranged Weapons
 - Level 1.0 Armour
 - Level 1.5 Dodging
 - Level 1.0 Spellcasting
 - Level 2.6 Hexes


You had 4 spell levels left.
You knew the following spells:

 Your Spells              Type           Power      Damage    Failure   Level
a - Slow                  Hex            32%        N/A       21%         1

Your spell library contained the following spells:

 Spells                   Type           Power      Damage    Failure   Level
 Inner Flame              Hex/Fire       4%         N/A       71%         3
 Portal Projectile        Hex/Tloc       8%         N/A       71%         3
 Cause Fear               Hex            4%         N/A       90%         4

Inventory:

Hand Weapons
 Y - a +1 sling of electrocution (weapon)
Armour
 f - a +0 helmet (worn)
 h - a +0 ring mail (worn)
Potions
 c - a potion of haste {unknown}
 e - a potion of mutation {unknown}
 g - a potion of might {unknown}

Dungeon Overview and Level Annotations

Branches:
Dungeon (3/15)

Altars:
Wu Jian

Shops:
D:2 ((


Message History

The orc wizard hits you with a +0 dagger.
The orc hits you but does no damage. The orc hits you with a +0 whip.
The orc wizard closely misses you. The orc barely misses you.
The orc hits you but does no damage. The orc wizard barely misses you.
The orc barely misses you. The orc barely misses you.
The orc wizard hits you with a +0 dagger.
The orc hits you but does no damage. The orc hits you but does no damage.
The orc wizard casts a spell at you. The puff of flame misses you.
The orc hits you but does no damage. The orc hits you but does no damage.
The orc wizard gestures at you while chanting.
You are more confused.
The orc closely misses you. The orc hits you with a +0 whip.
The orc wizard hits you but does no damage.
The orc closely misses you. The orc closely misses you.
The orc wizard gestures at you while chanting.
The puff of flame hits you but does no damage.
The orc hits you with a +0 dagger. The orc hits you but does no damage.
The orc wizard hits you but does no damage.
The orc hits you but does no damage. The orc closely misses you.
The orc wizard points at you and mumbles some strange words.
The magic dart hits you. The orc hits you but does no damage.
The orc hits you but does no damage.
The orc wizard hits you but does no damage.
The orc barely misses you. The orc barely misses you.
The orc wizard closely misses you. The orc hits you with a +0 dagger.
The orc hits you but does no damage.
The orc wizard hits you with a +0 dagger.
The orc hits you but does no damage. The orc hits you with a +0 whip.
The orc wizard hits you with a +0 dagger.
You die...

### #.. .#. #.####
.....########.#.#..
#..........#.#.####.
######.######.#......
...#.$o##........<......
#....o@.........(......
...)).o.##..###########.
####........#
#.....#.... #.....##....
#?....###.... ####..#
#... #+.+


You could see an orc wizard and 2 orcs.

Vanquished Creatures
  An adder (D:2)
  A worm (D:2)
  2 dart slugs (D:2)
  2 orcs (D:3)
  2 ball pythons (D:2)
  10 bats
  7 endoplasms
  2 giant cockroaches (D:1)
  7 hobgoblins (D:2)
  3 jackals (D:1)
  2 frilled lizards
  A goblin (D:1)
  5 kobolds
  5 rats
50 creatures vanquished.

Notes
Turn   | Place    | Note
-------+----------+-------------------------------------------
     0 | D:1      | qw the Gargoyle Hexslinger began the quest for the Orb.
     0 | D:1      | Reached XP level 1. HP: 12/12 MP: 2/2
     0 | D:1      | 0 ||| qw: Version: 0.3-a-46-gb1f654a
     0 | D:1      | 0 ||| qw: Game counter: 1210
     0 | D:1      | 0 ||| qw: Melee chars always use a shield: true
     0 | D:1      | 0 ||| qw: God list: Okawaru
     0 | D:1      | 0 ||| qw: Allow faded altars: false
     0 | D:1      | 0 ||| qw: Do Orc after clearing Dungeon:15 true
     0 | D:1      | 0 ||| qw: Do second Lair branch before Depths: true
     0 | D:1      | 0 ||| qw: Lair rune preference: random
     0 | D:1      | 0 ||| qw: Goals: Normal
     0 | D:1      | 0 ||| PLANNING D:1-11
    78 | D:1      | Reached XP level 2. HP: 16/16 MP: 3/3
   198 | D:1      | Reached skill level 3 in Ranged Weapons
   535 | D:1      | 535 ||| UPGRADING to +0 helmet.
   540 | D:1      | 540 ||| UPGRADING to +0 ring mail.
   550 | D:1      | 550 ||| DROPPING +0 robe.
   551 | D:1      | 551 ||| READING scroll labelled PAATRANTIA.
   552 | D:1      | 552 ||| DROPPING scroll of poison.
   620 | D:2      | Reached XP level 3. HP: 21/21 MP: 4/4
   731 | D:2      | Found Qaunei's Weapon Boutique.
   736 | D:2      | Reached skill level 1 in Armour
   751 | D:2      | 751 ||| SHOPLISTING +6 arbalest "Legat" {speed, Dex+7} (717
                  | gold, have 30).
   751 | D:2      | 751 ||| SHOPLISTING +7 sling of Beyond {freeze, Str+6
                  | Dex-3} (561 gold, have 30).
   751 | D:2      | 751 ||| SHOPLISTING +8 sling of the Enfolding King {flame,
                  | *Slow rPois MP+9 Int+3} (808 gold, have 30).
   941 | D:2      | Found an ornate altar of the Wu Jian Council.
   965 | D:2      | Reached XP level 4. HP: 26/26 MP: 5/5
   966 | D:2      | Found Reraegar's Antique Weapon Shoppe.
   972 | D:2      | Found Nikun's Antique Weapon Boutique.
  1087 | D:2      | Found a faded altar of an unknown god.
  1352 | D:2      | 1352 ||| READING scroll labelled KEOMOZX KINTO.
  1355 | D:2      | 1355 ||| READING scroll labelled XUUDOI DEPEMO.
  1471 | D:3      | HP: 6/26 [orc/+0 dagger (3)]
  1476 | D:3      | HP: 2/26 [orc wizard/+0 dagger (3)]
  1477 | D:3      | Slain by an orc wizard

Levels and vault maps discovered:
D:1:      spicycebolla_arrival_clurvy, layout_basic
D:2:      layout_loops_ring, basic_altar, shapermc_ecumenical_altar_ellora,
          serial_shops, shop, shop, nicolae_shop_hallway_plus,
          grunt_ministairs_6
D:3:      layout_basic, cheibrodos_ashenzari_chains, grunt_decor_arrowhead,
          corexii_shack

Skill      XL: |  1  2  3 |
---------------+----------+-----
Ranged Weapons | 3 |  3.9
Fighting       | 2 |  2.0
Armour         | 1 |  1.0
Dodging        | |  1.5
Spellcasting   | |  1.0
Hexes          | |  2.6

Action                     |  1- 3 |  4- 6 || total
---------------------------+-------+-------++-------
   Fire: Sling             |   155 |    45 ||   200
    Use: Scroll            |     1 |     2 ||     3
 Armour: Robe              |    14 |       ||    14
         Ring mail         |    18 |    53 ||    71
  Dodge: Dodged            |    80 |    47 ||   127

Table legend:
 A = Non-vault XP
 B = Vault XP
 C = Vault XP percentage of total XP
 D = Non-vault monster count
 E = Vault monster count
 F = Vault count percentage of total count
                 A         B        C        D         E       F
            +---------+---------+-------+---------+---------+-------
      Total |     103 |       3 |   2.8 |      48 |       2 |   4.0
            +---------+---------+-------+---------+---------+-------
        D:1 |      30 |       0 |   0.0 |      18 |       0 |   0.0
        D:2 |      65 |       3 |   4.4 |      27 |       2 |   6.9
        D:3 |       8 |       0 |   0.0 |       3 |       0 |   0.0
            +---------+---------+-------+---------+---------+-------
